 Dungeon Crawl Stone Soup version 0.25-a0-251-g572059c536 (webtiles) character file.

Game seed: 16292851951464062744, levelgen mode: deterministic

673 MisterFreud the Chiller (level 7, -3/51 HPs)
             Began as a Gnoll Ice Elementalist on Dec 4, 2019.
             Was an Initiate of Okawaru.
             Slain by an ogre
             ... wielding a +0 giant spiked club
              (12 damage)
             ... on level 4 of the Dungeon.
             The game lasted 00:08:47 (3063 turns).

MisterFreud the Chiller (Gnoll Ice Elementalist)    Turns: 3063, Time: 00:08:47

Health: -3/51      AC:  7    Str: 10    XL:     7   Next: 59%
Magic:  15/15      EV: 15    Int: 19    God:    Okawaru [......]
Gold:   194        SH:  0    Dex: 16    Spells: 13/17 levels left

rFire    . . .     SeeInvis .   g - +4 quarterstaff (chaos)
rCold    . . .     Gourm    .   (shield currently unavailable)
rNeg     . . .     Faith    .   a - +0 robe
rPois    .         Spirit   .   m - +2 helmet
rElec    .         Reflect  .   q - +1 cloak {MR+}
rCorr    .         Harm     .   (no gloves)
MR       +....                  (no boots)
Stlth    +++.......             p - amulet of rage
HPRegen  0.17/turn              (no ring)
MPRegen  0.14/turn              (no ring)

@: no status effects
A: distributed training, fangs 1, strong nose
a: Renounce Religion, Evoke Berserk Rage


You were on level 4 of the Dungeon.
You worshipped Okawaru.
Okawaru was noncommittal.
You were not hungry.

You visited 1 branch of the dungeon, and saw 4 of its levels.

You collected 194 gold pieces.

Inventory:

Hand Weapons
 d - a +0 dagger
 g - a +4 quarterstaff of chaos (weapon)
 i - a +0 spear
Missiles
 e - 81 stones (quivered)
 h - 43 bolts
 k - 12 sling bullets
 r - 41 poisoned darts
 s - 8 boomerangs
Armour
 a - a +0 robe (worn)
 m - a +2 helmet (worn)
 q - a +1 cloak of magic resistance (worn)
Jewellery
 p - an amulet of rage (around neck)
Wands
 f - a wand of disintegration (22)
 w - a wand of polymorph (12)
Scrolls
 b - 3 scrolls of teleportation
Potions
 j - a potion of lignification {unknown}
 l - a potion of agility
 n - a potion of haste
 o - 2 potions of mutation
 t - 2 potions of ambrosia {unknown}
 u - a potion of resistance {unknown}
 x - a potion of heal wounds {unknown}
 z - 3 potions of curing
Comestibles
 c - 6 rations
 v - 4 chunks of flesh


   Skills:
 + Level 2.5 Fighting
 + Level 2.5 Short Blades
 + Level 2.5 Long Blades
 + Level 2.5 Axes
 + Level 2.5 Maces & Flails
 + Level 2.5 Polearms
 + Level 2.5 Staves
 + Level 2.5 Slings
 + Level 2.5 Bows
 + Level 2.5 Crossbows
 + Level 2.5 Throwing
 + Level 2.5 Armour
 + Level 5.2 Dodging
 + Level 4.9 Stealth
 + Level 2.5 Shields
 + Level 2.5 Unarmed Combat
 + Level 5.6 Spellcasting
 + Level 2.0 Conjurations
 + Level 2.0 Hexes
 + Level 2.0 Charms
 + Level 2.0 Summonings
 + Level 2.0 Necromancy
 + Level 2.0 Translocations
 + Level 2.0 Transmutations
 + Level 2.0 Fire Magic
 + Level 7.4 Ice Magic
 + Level 2.0 Air Magic
 + Level 2.0 Earth Magic
 + Level 2.0 Poison Magic
 + Level 2.8 Invocations
 + Level 2.5 Evocations


You had 13 spell levels left.
You knew the following spells:

 Your Spells              Type           Power        Failure   Level  Hunger
a - Freeze                Ice            ####         1%          1    None
b - Ozocubu's Armour      Chrm/Ice       ###.....     4%          3    ##.....

Your spell library contained the following spells:

 Spells                   Type           Power        Failure   Level  Hunger
 Hailstorm                Conj/Ice       ###.....     16%         4    ####...
 Summon Ice Beast         Ice/Summ       ###.....     16%         4    ####...


Dungeon Overview and Level Annotations

Branches:
Dungeon (4/15)
 Temple: D:4-7

Altars:
Ashenzari
Gozag
Makhleb
Okawaru
Uskayaw
Zin

Shops:
D:4 }


Innate Abilities, Weirdness & Mutations

Your experience applies equally to all skills.
You have very sharp teeth.
Your uncanny sense of smell can sniff out nearby items.


Message History

You see here a leopard gecko skeleton. x2
Found a ring mail.
You see here a ring mail.
An ogre comes into view. It is wielding a +0 giant spiked club.
The ogre shouts!
You thump the ogre!
The ogre is moderately wounded.
The ogre hits you with a +0 giant spiked club!!
You sock the ogre!
You feel better.
The ogre is heavily wounded.
The ogre hits you with a +0 giant spiked club!!
* * * LOW HITPOINT WARNING * * *
Found an inky potion.
Evoke which item? (* to show all) (? for menu, Esc to quit)
Aiming: Disintegrate
Press: ? - help, Shift-Dir - straight line, f - ogre
Aim: an ogre, wielding a +0 giant spiked club (heavily wounded, chance to defeat MR: 75%)
The ogre is blasted!
The ogre hits you with a +0 giant spiked club!
You die...

∆ #.....#
###.#....#
#.....#
#...######
#.....# #.###
######.....#
#.#
#.....###.##
#.# #.###.# ..
#.# #[# #.# ##
#.# #.#
#.#######.##.#
#.#
#..O@....!##.#
#.#
############.#
#.###.÷.....#
#.#
#......####.#
#.# #......#
#.# #.#
#.####.# #.#
#.# #.#....#
#.####.#
#.....##
#......#
###.###
########


You could see an ogre.

Vanquished Creatures
  Sigmund (D:3)
  A phantom (D:4)
  An ogre (D:4)
  A bullfrog skeleton (D:4)
  Ijyb (D:3)
  Crazy Yiuf (D:2)
  Jessica (D:2)
  An iguana (D:4)
  An orc wizard (D:3)
  3 worker ants (D:4)
  5 adders
  2 worms
  A dart slug (D:4)
  4 leopard geckos
  11 orcs
  A ball python (D:1)
  4 giant cockroaches
  5 goblins
  3 hobgoblins
  5 kobolds
  3 quokkas
  7 bats
  5 frilled lizards
  7 rats
  A fungus (D:2)
76 creatures vanquished.

Notes
Turn   | Place    | Note
-------+----------+-------------------------------------------
     0 | D:1      | MisterFreud the Gnoll Ice Elementalist began the quest for
                  | the Orb.
     0 | D:1      | Reached XP level 1. HP: 13/13 MP: 6/6
    20 | D:2      | Noticed Jessica
   258 | D:1      | Reached XP level 2. HP: 15/19 MP: 7/7
   725 | D:2      | Killed Jessica
   725 | D:2      | Reached skill level 5 in Spellcasting
   725 | D:2      | Reached skill level 1 in Invocations
   725 | D:2      | Reached XP level 3. HP: 17/25 MP: 4/9
   794 | D:2      | Learned a level 3 spell: Ozocubu's Armour
   864 | D:2      | Reached skill level 1 in Fighting
   864 | D:2      | Reached skill level 1 in Short Blades
   864 | D:2      | Reached skill level 1 in Long Blades
   864 | D:2      | Reached skill level 1 in Axes
   864 | D:2      | Reached skill level 1 in Maces & Flails
   864 | D:2      | Reached skill level 1 in Polearms
   864 | D:2      | Reached skill level 1 in Staves
   864 | D:2      | Reached skill level 1 in Slings
   864 | D:2      | Reached skill level 1 in Bows
   864 | D:2      | Reached skill level 1 in Crossbows
   864 | D:2      | Reached skill level 1 in Throwing
   864 | D:2      | Reached skill level 1 in Armour
   864 | D:2      | Reached skill level 1 in Shields
   864 | D:2      | Reached skill level 1 in Unarmed Combat
   864 | D:2      | Reached skill level 1 in Evocations
   890 | D:2      | Reached XP level 4. HP: 27/32 MP: 9/11
  1149 | D:2      | Found a glowing silver altar of Zin.
  1149 | D:2      | Found an opulent altar of Gozag.
  1304 | D:2      | Found a runed translucent door.
  1305 | D:2      | Noticed Crazy Yiuf
  1313 | D:2      | Killed Crazy Yiuf
  1313 | D:2      | Reached skill level 1 in Conjurations
  1313 | D:2      | Reached skill level 1 in Hexes
  1313 | D:2      | Reached skill level 1 in Charms
  1313 | D:2      | Reached skill level 1 in Summonings
  1313 | D:2      | Reached skill level 1 in Necromancy
  1313 | D:2      | Reached skill level 1 in Translocations
  1313 | D:2      | Reached skill level 1 in Transmutations
  1313 | D:2      | Reached skill level 1 in Fire Magic
  1313 | D:2      | Reached skill level 1 in Air Magic
  1313 | D:2      | Reached skill level 1 in Earth Magic
  1313 | D:2      | Reached skill level 1 in Poison Magic
  1363 | D:3      | Noticed Ijyb
  1368 | D:3      | HP: 1/32 [disintegration (31)]
  1373 | D:3      | Killed Ijyb
  1373 | D:3      | Reached XP level 5. HP: 10/37 MP: 7/12
  1707 | D:3      | Noticed Sigmund
  1729 | D:3      | HP: 1/37 [something/magic dart (4)]
  1734 | D:3      | Killed Sigmund
  1734 | D:3      | Reached skill level 5 in Dodging
  1734 | D:3      | Reached XP level 6. HP: 3/44 MP: 9/14
  2005 | D:3      | Found a hide-covered altar of Uskayaw.
  2047 | D:3      | Found a burning altar of Makhleb.
  2425 | D:3      | Found an iron altar of Okawaru.
  2475 | D:3      | Became a worshipper of Warmaster Okawaru
  2680 | D:4      | Noticed a phantom
  2696 | D:4      | Killed a phantom
  2696 | D:4      | Reached XP level 7. HP: 48/50 MP: 12/15
  2745 | D:4      | Found Xatzata's Gadget Emporium.
  2802 | D:4      | Found a shattered altar of Ashenzari.
  3063 | D:4      | Slain by an ogre

Levels and vault maps discovered:
D:1:      dpeg_arrival_tiny_a, layout_rooms
D:2:      layout_rooms, grunt_temple_overflow_gold_and_silver, first_ration,
          uniq_crazy_yiuf_cottage, uniq_jessica
D:3:      layout_rooms, okawaru_trees_2, bloody_makhleb,
          eat_drink_and_be_merry_uskayaw, uniq_sigmund, uniq_ijyb
D:4:      layout_basic, serial_shops, shop_fountains, minmay_misc_feat_ornament,
          nicolae_ashenzari_panopticon, uniq_menkaure

Skill      XL: |  1  2  3  4  5  6  7 |
---------------+----------------------+-----
Spellcasting   | 5 |  5.6
Invocations    | 1 2 |  2.8
Fighting       | 1 2 |  2.5
Short Blades   | 1 2 |  2.5
Long Blades    | 1 2 |  2.5
Axes           | 1 2 |  2.5
Maces & Flails | 1 2 |  2.5
Polearms       | 1 2 |  2.5
Staves         | 1 2 |  2.5
Slings         | 1 2 |  2.5
Bows           | 1 2 |  2.5
Crossbows      | 1 2 |  2.5
Throwing       | 1 2 |  2.5
Armour         | 1 2 |  2.5
Shields        | 1 2 |  2.5
Unarmed Combat | 1 2 |  2.5
Evocations     | 1 2 |  2.5
Conjurations   | 1 2 |  2.0
Hexes          | 1 2 |  2.0
Charms         | 1 2 |  2.0
Summonings     | 1 2 |  2.0
Necromancy     | 1 2 |  2.0
Translocations | 1 2 |  2.0
Transmutations | 1 2 |  2.0
Fire Magic     | 1 2 |  2.0
Air Magic      | 1 2 |  2.0
Earth Magic    | 1 2 |  2.0
Poison Magic   | 1 2 |  2.0
Dodging        | 5 |  5.2
Stealth        | |  4.9
Ice Magic      | |  7.4

Action                   |  1- 3 |  4- 6 |  7- 9 || total
-------------------------+-------+-------+-------++-------
Melee: Dagger            |    38 |    31 |       ||    69
       Bite              |     2 |    15 |     4 ||    21
       Quarterstaff      |       |    84 |    36 ||   120
 Cast: Freeze            |    14 |    14 |       ||    28
       Ozocubu's Armour  |       |     6 |     1 ||     7
 Abil: Evoke Berserk Rag |       |     1 |       ||     1
Evoke: Wand              |       |       |     1 ||     1
  Use: Scroll            |     7 |     1 |       ||     8
       Potion            |       |     3 |       ||     3
 Stab: Sleeping          |     3 |    10 |     4 ||    17
  Eat: Chunk             |       |     7 |     1 ||     8
Armor: Robe              |     7 |    47 |     6 ||    60
Dodge: Dodged            |    35 |   114 |    23 ||   172

Table legend:
 A = Non-vault XP
 B = Vault XP
 C = Vault XP percentage of total XP
 D = Non-vault monster count
 E = Vault monster count
 F = Vault count percentage of total count
                 A         B        C        D         E       F
            +---------+---------+-------+---------+---------+-------
      Total |     642 |     320 |  33.3 |      71 |       4 |   5.3
            +---------+---------+-------+---------+---------+-------
        D:1 |      19 |       0 |   0.0 |      11 |       0 |   0.0
        D:2 |      62 |      74 |  54.4 |      16 |       2 |  11.1
        D:3 |     124 |     246 |  66.5 |      31 |       2 |   6.1
        D:4 |     437 |       0 |   0.0 |      13 |       0 |   0.0
            +---------+---------+-------+---------+---------+-------
